 Dungeon Crawl Stone Soup version 0.28.0-53-g5a82cb258f (webtiles) character file.

Game seed: 9883139214705755263

428 Stomo the Skirmisher (level 6, 0/33 HPs)
             Began as a Vine Stalker Fighter on June 21, 2022.
             Killed by nerve-wracking pain
             ... invoked by Menkaure
              (9 damage)
             ... on level 4 of the Dungeon.
             The game lasted 00:05:21 (4143 turns).

Stomo the Skirmisher (Vine Stalker Fighter)         Turns: 4143, Time: 00:05:21

Health: 0/33       AC:  7    Str: 20    XL:     6   Next: 98%
Magic:  0/7        EV: 11    Int:  8    God:
Gold:   128        SH:  0    Dex: 14    Spells: 5/5 levels left

rFire   . . .      SeeInvis .   a - +0 flail
rCold   . . .      Faith    .   (no shield)
rNeg    . . .      Spirit   +   j - +2 ring mail {rPois}
rPois   +          Reflect  .   (no helmet)
rElec   .          Harm     .   (no cloak)
rCorr   .          Rampage  .   (no gloves)
Will    .....                   (no boots)
Stlth   +.........              (no amulet)
HPRegen 0.91/turn               (no ring)
MPRegen 0.10/turn               (no ring)

@: no status effects
A: fangs 2, regeneration 1, magic shield, antimagic bite, no potion heal 2
a: no special abilities


You were on level 4 of the Dungeon.
You visited 1 branch of the dungeon, and saw 4 of its levels.

You collected 128 gold pieces.

Inventory:

Hand Weapons
 a - a +0 flail (weapon)
Missiles
 r - 2 throwing nets (quivered)
Armour
 b - a +0 scale mail
 c - a +0 buckler
 g - a +0 ring mail
 j - a +2 ring mail of poison resistance (worn)
Wands
 l - a wand of acid (13)
 n - a wand of polymorph (6)
Scrolls
 f - a scroll of fog {unknown}
 h - a scroll of teleportation
 i - a scroll of amnesia
Potions
 d - a potion of might
 e - 3 potions of curing
 k - a potion of haste {unknown}
 o - a potion of degeneration {unknown}
 p - a potion of heal wounds {unknown}


   Skills:
 + Level 4.1 Fighting
 + Level 3.5 Maces & Flails
 + Level 3.7 Armour
 + Level 2.5 Dodging
 - Level 2.6 Shields


You had 5 spell levels left.
You didn't know any spells.
Your spell library contained the following spells:

 Spells                   Type           Power      Damage    Failure   Level
 Corpse Rot               Necr/Air       0%         N/A       71%         2
 Poisonous Vapours        Pois/Air       0%         N/A       71%         2


Dungeon Overview and Level Annotations

Branches:
Dungeon (4/15)
 Temple: D:4-7

Altars:
Sif Muna
Trog

Shops:
D:1 [

Annotations:
D:4 Menkaure


Innate Abilities, Weirdness & Mutations

You have extremely sharp teeth.
Your natural rate of healing is unusually fast.
When hurt, damage is shared between your health and your magic reserves.
Your bite disrupts and absorbs the magic of your enemies.
Potions cannot restore your health.


Message History

Menkaure calls on the powers of darkness!
The orc priest convulses!
Your body is wracked with pain!
The orc priest calls down the wrath of Beogh upon you.
You struggle to resist.
The orc priest looks braver for a moment.
The ball python hisses angrily.
The orc priest calls down the wrath of Beogh upon you.
You struggle to resist.
There is an open door here.
The ball python barely misses you. The ball python grabs you.
The ball python constricts you.
The orc priest casts a cantrip, but nothing happens.
You hit the ball python.
You bite the ball python, but do no damage.
The ball python is severely wounded.
The ball python bites you but does no damage.
The ball python constricts you.
You closely miss the ball python.
The ball python is severely wounded.
The ball python bites you but does no damage.
The ball python constricts you.
Menkaure hums, "Let me perform the rites..."
Menkaure calls on the powers of darkness!
The orc priest convulses!
Your body is wracked with pain!
The ball python bites you but does no damage.
The ball python constricts you.
You sock the ball python!
You kill the ball python!
The orc priest calls upon Beogh to heal something.
You see here a ball python corpse.
The orc priest mumbles some strange prayers to Beogh against you.
Beogh smites you!
* * * LOW HITPOINT WARNING * * *
Menkaure calls on the powers of darkness!
Your body is wracked with pain!
* * * LOW HITPOINT WARNING * * *
The orc priest begins to cast a cantrip, but forgets the words!
Menkaure casts a spell at you. Pain shoots through your body!
You die...

#...........#
#...........#
#......†)...#
#...........#
#....##'#####
#######..# ######
.. ##†## #....#
....##.o###....##
.....'.....M.@).>#
.....###..##.....#
.... #..######.#
... #..## #.# ..
#...# #.# . #.#.##
#.# #.#..# ##.####
#.##.# #.....#
#.##.# #..##.#


You could see Menkaure (fast) and an orc priest.

Vanquished Creatures
  A phantom (D:4)
  A centaur zombie (D:4)
  An orc priest (D:4)
  Terence (D:3)
  Natasha (thrice) (D:2)
  An orc wizard (D:4)
  4 gnolls (D:3)
  2 adders
  An adder skeleton (D:4)
  4 dart slugs
  7 orcs
  8 bats
  9 endoplasms
  4 giant cockroaches
  8 goblins
  6 hobgoblins
  7 jackals
  4 quokkas
  5 ball pythons
  6 frilled lizards
  6 kobolds
  3 rats
92 creatures vanquished.

Notes
Turn   | Place    | Note
-------+----------+-------------------------------------------
     0 | D:1      | Stomo the Vine Stalker Fighter began the quest for the Orb.
     0 | D:1      | Reached XP level 1. HP: 11/11 MP: 2/2
    85 | D:1      | Found Nohiwk's Armour Shop.
   338 | D:1      | Reached XP level 2. HP: 16/16 MP: 3/3
   696 | D:1      | Reached skill level 3 in Fighting
   701 | D:1      | Reached XP level 3. HP: 13/20 MP: 1/4
  2094 | D:2      | Reached skill level 1 in Dodging
  2290 | D:2      | Noticed Natasha
  2301 | D:2      | Killed Natasha
  2302 | D:2      | Gained mutation: Your natural rate of healing is unusually
                  | fast. [Vine Stalker growth]
  2302 | D:2      | Reached XP level 4. HP: 16/24 MP: 3/5
  2599 | D:2      | Noticed Natasha
  2607 | D:2      | Killed Natasha
  2662 | D:2      | Noticed Natasha
  2681 | D:2      | Killed Natasha
  2682 | D:2      | Reached XP level 5. HP: 28/28 MP: 3/6
  2717 | D:3      | Found a faded altar of an unknown god.
  2953 | D:3      | Found a shimmering blue altar of Sif Muna.
  3069 | D:3      | Found a bloodstained altar of Trog.
  3115 | D:3      | Noticed Terence
  3255 | D:3      | Killed Terence
  3411 | D:3      | Reached XP level 6. HP: 33/33 MP: 7/7
  3892 | D:4      | Reached skill level 4 in Fighting
  4106 | D:4      | Noticed Menkaure
  4143 | D:4      | Killed from afar by Menkaure

Illustrated notes

Levels and vault maps discovered:
D:1:      mrwooster_arrival_statue_2, layout_basic, serial_shops,
          nicolae_shop_hallway_stairs
D:2:      layout_loops_cross, minmay_goblin_kobold_house, uniq_natasha
D:3:      layout_loops_corners, nicolae_overflow_crystal_walls,
          trog_butcher_becter, ebering_ecumenical_altar_abandoned,
          item_on_display_a, uniq_terence
D:4:      layout_basic, uniq_menkaure

Skill      XL: |  1  2  3  4  5  6 |
---------------+-------------------+-----
Maces & Flails | 2 3 |  3.5
Fighting       | 3 4 |  4.1
Dodging        | 1 2 |  2.5
Armour         | 3 |  3.7
Shields        | |  2.6

Action                   |  1- 3 |  4- 6 || total
-------------------------+-------+-------++-------
Melee: Flail             |    94 |   184 ||   278
       Bite              |    19 |    44 ||    63
       Punch             |     3 |     3 ||     6
  Use: Scroll            |       |     6 ||     6
Armor: Scale mail        |    11 |       ||    11
       Ring mail         |    35 |    57 ||    92
       Skin              |       |     2 ||     2
Dodge: Dodged            |    49 |   104 ||   153
Block: Buckler           |     1 |       ||     1
